 Dungeon Sprint DCSS version 0.25-a0-566-g062765be81 (webtiles) character file.

Game seed: 7341485036499776386, levelgen mode: deterministic

917 Mobile the Carver (level 8, 0/65 HPs)
             Began as an Octopode Fighter on Feb 28, 2020.
             Was an Initiate of Gozag.
             Slain by a four-headed hydra (9 damage)
             ... in the Dungeon (Sprint IX: "|||||||||||||||||||||||||||||").
             The game lasted 00:02:54 (371 turns).

Mobile the Carver (Octopode Fighter)                 Turns: 371, Time: 00:02:54

Health: 0/65       AC:  1    Str: 18    XL:     8   Next: 9%
Magic:  8/8        EV: 14    Int: 11    God:    Gozag
Gold:   621        SH:  9    Dex: 13    Spells: 7/7 levels left

rFire    . . .     SeeInvis .   o - +2 rapier (distort)
rCold    . . .     Gourm    .   b - +0 kite shield
rNeg     . . .     Faith    .   (helmet restricted)
rPois    .         Spirit   .   (no amulet)
rElec    .         Reflect  .   q - +3 ring of strength
rCorr    .         Harm     .   r - +2 ring of evasion
MR       .....     NoTele   +   (no ring)
Stlth    ++........             (no ring)
HPRegen  0.20/turn              (no ring)
MPRegen  0.11/turn              (no ring)
                                (no ring)
                                (no ring)

@: gold aura
A: almost no armour, stealthy swim, amphibious, 8 rings, constrict 8, camouflage
1, gelatinous body 1
a: Potion Petition, Call Merchant, Bribe Branch, Renounce Religion


You were in the Dungeon.
You worshipped Gozag.
Gozag was pleased with you.
You were not hungry.

You visited 1 branch You collected 621 gold pieces.

Inventory:

Hand Weapons
 a - a +0 long sword
 o - a +2 rapier of distortion (weapon)
 p - the +2 scimitar of Ywken {vorpal, rC+ Str+2}
   (You found it in the Dungeon)

   It inflicts extra damage upon your enemies.
   It affects your strength (+2).
   It protects you from cold.
Armour
 b - a +0 kite shield (worn)
Jewellery
 q - a +3 ring of strength (left tentacle)
 r - a +2 ring of evasion (right tentacle)
Wands
 n - a wand of acid (6)
Scrolls
 j - 3 scrolls of blinking
 l - 3 scrolls of remove curse
 m - 2 scrolls of amnesia
 u - a scroll of acquirement
 v - 2 scrolls of identify
 w - 2 scrolls of enchant armour
 x - a scroll of fog
Potions
 c - 2 potions of might
 e - 6 potions of curing
 g - a potion of haste
 h - 4 potions of magic
 i - 2 potions of berserk rage
 k - a potion of stabbing
 s - 2 potions of brilliance
Miscellaneous
 t - a phantom mirror
Comestibles
 d - a ration


   Skills:
 + Level 10.4 Fighting
 * Level 13.6 Long Blades
 - Level 3.0 Dodging
 - Level 3.0 Shields


You had 7 spell levels left.
You didn't know any spells.
Your spell library was empty.

Dungeon Overview and Level Annotations

Branches:
Dungeon (1/1)

Altars:
Cheibriados
Dithmenos
Elyvilon
Fedhas
Gozag
Hepliaklqana
Kikubaaqudgha
Makhleb
Nemelex Xobeh
Okawaru
Qazlal
Ru
Sif Muna
Trog
Uskayaw
Vehumet
Wu Jian
Xom
Yredelemnul
Zin
The Shining One
Beogh
Jiyva
Lugonu


Innate Abilities, Weirdness & Mutations

You cannot wear most types of armour.
You are very stealthy in the water. (Stealth+)
You are amphibious.
You can wear up to eight rings at the same time.
You can use your tentacles to constrict eight enemies at once.
Your skin changes colour to match your surroundings (Stealth+).
Your rubbery body absorbs attacks. (AC +1, EV +1)


Message History

You block the four-headed hydra's attack.
The four-headed hydra bites you!
* * * LOW HITPOINT WARNING * * *
You feel much better.
The water moccasin becomes distracted by the nearby gold, dreaming of imaginary riches.
You block the four-headed hydra's attack.
The four-headed hydra misses you.
You block the four-headed hydra's attack. x2
The komodo dragon hisses menacingly.
You puncture the four-headed hydra!
The four-headed hydra is almost dead.
The yak is no longer distracted by gold.
The komodo dragon hisses menacingly.
The four-headed hydra bites you!
The four-headed hydra barely misses you.
The four-headed hydra bites you!
* * * LOW HITPOINT WARNING * * *
The four-headed hydra bites you!
You die...
Your body crumbles into a pile of gold.

$ ▓.▓_▓
▓.▓.▓_▓
$
▓F▓.▓_▓
$
▓S▓.▓_▓
$
▓h▓.▓_▓
$
▓l▓.▓_▓
$
▓Y▓.▓_▓
$
▓D▓.▓_▓
$
▓@▓.▓_▓
$
▓.▓.▓_▓
$
▓.▓.▓_▓
$
▓.▓.▓_▓
$
▓.▓.▓'▓
$
▓.▓.▓.▓
$
▓.▓.▓.▓
▓.▓.▓.▓
▓.▓.▓)▓


You could see a four-headed hydra, a komodo dragon, a yak, a spiny frog, a water
moccasin and a wolf.

Vanquished Creatures
  2 komodo dragons (D)
  An ogre (D)
  A scorpion (D)
  A wight (D)
  A howler monkey (D)
  A crimson imp (D)
  A worker ant (D)
  An adder skeleton (D)
  An orc (D)
  A bat skeleton (D)
  2 giant cockroaches (D)
  A hobgoblin (D)
  A jackal (D)
  2 quokkas (D)
  A ball python skeleton (D)
  A bat (D)
  A frilled lizard (D)
  A jackal zombie (D)
  A rat (D)
22 creatures vanquished.

Vanquished Creatures (others)
  A wyvern (D)
1 creature vanquished.

Grand Total: 23 creatures vanquished

Notes
Turn   | Place    | Note
-------+----------+-------------------------------------------
     0 | D        | Mobile the Octopode Fighter began the quest for the Orb.
     0 | D        | Reached XP level 1. HP: 16/16 MP: 1/1
     6 | D        | Reached skill level 3 in Long Blades
    84 | D        | Noticed an ogre
    86 | D        | Reached XP level 2. HP: 22/22 MP: 2/2
    92 | D        | Killed an ogre
    92 | D        | Reached skill level 5 in Fighting
    92 | D        | Reached skill level 7 in Long Blades
    92 | D        | Reached XP level 3. HP: 30/30 MP: 3/3
    92 | D        | Reached XP level 4. HP: 36/36 MP: 4/4
    99 | D        | Found a roughly hewn altar of Beogh.
    99 | D        | Found a snail-covered altar of Cheibriados.
    99 | D        | Found a shadowy altar of Dithmenos.
    99 | D        | Found a white marble altar of Elyvilon.
    99 | D        | Found a blossoming altar of Fedhas.
    99 | D        | Found an opulent altar of Gozag.
   100 | D        | Found a hazy altar of Hepliaklqana.
   101 | D        | Found a viscous altar of Jiyva.
   102 | D        | Found an ancient bone altar of Kikubaaqudgha.
   103 | D        | Found a corrupted altar of Lugonu.
   104 | D        | Found a burning altar of Makhleb.
   105 | D        | Found a sparkling altar of Nemelex Xobeh.
   106 | D        | Found an iron altar of Okawaru.
   107 | D        | Became a worshipper of Gozag Ym Sagoz the Greedy
   108 | D        | Found a stormy altar of Qazlal.
   109 | D        | Found a sacrificial altar of Ru.
   110 | D        | Found a shimmering blue altar of Sif Muna.
   111 | D        | Found a bloodstained altar of Trog.
   112 | D        | Found a hide-covered altar of Uskayaw.
   113 | D        | Found a radiant altar of Vehumet.
   114 | D        | Found an ornate altar of the Wu Jian Council.
   115 | D        | Found a shimmering altar of Xom.
   116 | D        | Found a basalt altar of Yredelemnul.
   117 | D        | Found a glowing silver altar of Zin.
   118 | D        | Found a glowing golden altar of the Shining One.
   135 | D        | Got the +2 scimitar of Ywken {vorpal, rC+ Str+2}
   152 | D        | Reached skill level 8 in Long Blades
   152 | D        | Reached XP level 5. HP: 42/42 MP: 5/5
   154 | D        | Reached skill level 9 in Long Blades
   171 | D        | Noticed a cyclops
   171 | D        | Noticed a five-headed hydra
   171 | D        | Noticed a wyvern
   179 | D        | Reached XP level 6. HP: 49/49 MP: 6/6
   181 | D        | Reached skill level 10 in Long Blades
   184 | D        | Killed a wyvern
   184 | D        | Reached skill level 11 in Long Blades
   359 | D        | Noticed a komodo dragon
   359 | D        | Noticed a yak
   359 | D        | Noticed a four-headed hydra
   359 | D        | Noticed a komodo dragon
   359 | D        | Noticed a komodo dragon
   362 | D        | Killed a komodo dragon
   362 | D        | Reached skill level 12 in Long Blades
   362 | D        | Reached XP level 7. HP: 41/57 MP: 7/7
   365 | D        | Killed a komodo dragon
   365 | D        | Reached skill level 10 in Fighting
   365 | D        | Reached skill level 13 in Long Blades
   365 | D        | Reached XP level 8. HP: 48/65 MP: 8/8
   367 | D        | Noticed a spiny frog
   371 | D        | Slain by a four-headed hydra

Levels and vault maps discovered:
D:        linesprint [early_d, line_temple, items_1, d_10, items_2, lair_1,
          lair_end, items_3, orc_1, orc_end, items_4, d_15, swamp_1, shoals_1,
          snake_1, spider_1, d_20, vaults_1, items_5, swamp_end, shoals_end,
          snake_end, spider_end, vaults_end, d_27, items_6, zot_1, zot_end,
          crypt_end, forest_end, elf_end, slime_end, tomb_end, abyss_end,
          pan_hell_end]

Skill      XL: |  1  2  3  4  5  6  7 |
---------------+----------------------+-----
Long Blades    | 3 7 8 9 12 13 | 13.6
Fighting       | 5 6 7 9 10 | 10.4
Dodging        | |  3.0
Shields        | |  3.0

Action                   |  1- 3 |  4- 6 |  7- 9 || total
-------------------------+-------+-------+-------++-------
Melee: Long sword        |    14 |     2 |       ||    16
       Tentacles         |     5 |     6 |     3 ||    14
       Constrict         |     1 |     3 |       ||     4
       Scimitar          |       |     7 |       ||     7
       Rapier            |       |    10 |     6 ||    16
Evoke: Wand              |       |     2 |     2 ||     4
  Use: Potion            |       |     2 |     2 ||     4
 Stab: Sleeping          |     2 |       |       ||     2
       Invisible         |       |     6 |       ||     6
Armor: Skin              |     1 |       |       ||     1
Dodge: Dodged            |     4 |     9 |     6 ||    19
Block: Kite shield       |     4 |     4 |     7 ||    15
       Rpst.: Long sword |     2 |     1 |       ||     3
       Scimitar          |       |     1 |       ||     1

Table legend:
 A = Non-vault XP
 B = Vault XP
 C = Vault XP percentage of total XP
 D = Non-vault monster count
 E = Vault monster count
 F = Vault count percentage of total count
                 A         B        C        D         E       F
            +---------+---------+-------+---------+---------+-------
      Total |       0 |    1311 | 100.0 |       0 |      23 | 100.0
            +---------+---------+-------+---------+---------+-------
          D |       0 |    1311 | 100.0 |       0 |      23 | 100.0
            +---------+---------+-------+---------+---------+-------
